cannibale, lawful male human Archeologist --------------------------------- ---------- |.-..|..|..-....-..|.@|..|..-...| |......... ####-.| |..|. |.(..| .|&.|..|. |....# |........| ##|.----|-----....----f--.-----...|### |..<......#####|......................)(.......| # |........| #..-|-----.--...)...---|--(---...| ### -.---.---- #|.|..|..|..|......{|....|...|...| # # # #|.|..|..|..|.......|....|..%|...| ### # #|.----|-----.......|.._.|%%.|....####### # #|.............{....|....|%%%|...| # # ###|.------.--------.----------|..(.# - ------.--- # #|.-..!?|...|)().|.| |(((.|...| |..........-#### #|.|.!)*|...|.((.).+ |(((.-...| |..........| # #|.|!*%.|...|(...|.| |(((.|...| |...........## #|.---------------.-----------...| ------------ #|...............................| #--------------------------------- cannibale the Investigator Experience level: 6 Strength: 15 Dexterity: 10 Constitution: 14 Intelligence: 18 Wisdom: 15 Charisma: 8 Health: 0(44) Energy: 30(30) Def: 6 Gold: 142 Moves: 3759 Dungeon seed: KaJ9DJaJIlIm9ngv Game ID: cannibale_1523983925 Your Inventory: Coins $ - 142 gold pieces Weapons a - a +2 bullwhip (alternate weapon; not wielded) H - a +0 crossbow I - 7 +0 crossbow bolts L - a cursed -1 dart R - 2 blessed +0 darts V - 17 +0 darts (in quiver) Armor e - an uncursed +0 leather jacket (being worn) n - a blessed +0 fedora r - an uncursed +0 pair of iron shoes (being worn) Y - an uncursed +0 cloak of protection (being worn) Comestibles b - 3 uncursed food rations p - an uncursed tin of gecko meat s - an uncursed tin of kobold meat v - an uncursed tin of dwarf meat Scrolls P - an uncursed scroll of teleportation Rings S - an uncursed +2 ring of increase damage Tools c - a +0 pick-axe (weapon in hand) d - a tinning kit (0:48) f - an uncursed sack M - an uncursed oil lamp (0:0) X - an uncursed oil lamp (0:1370) Gems q - an uncursed touchstone N - 2 uncursed garnet stones Spells and supernatural/magical abilities: Name Level Category Fail Memory C - cancellation 7 matter 100% 90% W - pray for help -- divine ? -- Your skills at the end: Fighting Skills Weapon Skills pick-axe [Skilled] whip [Basic] Spellcasting Skills Final Attributes: You were piously aligned. You were stealthy. You were protected. You were fast. You are dead. Vanquished creatures: 2 gnome kings a rock piercer 4 gnome lords 2 gnomish wizards a golden naga hatchling a guardian naga hatchling a baby crocodile a little dog 2 dwarves 2 homunculi a kobold shaman 2 werejackals 2 iguanas an acid blob a hobbit 9 manes a large kobold a giant rat 3 green molds 21 gnomes a gnome zombie 2 geckos a jackal a goblin 5 grid bugs 3 bats 5 lichens 3 newts 80 creatures vanquished. Voluntary challenges: You were an atheist. You used a wielded weapon 188 times, starting on turn 2. You read items or engraved 74 times, starting on turn 288. You never genocided any monsters. You never polymorphed an object. You never changed form. You used no wishes. You never split a pudding. You wrote Elbereth's name 3 times, starting on turn 1886. You violated your moral code, losing 19 points of alignment, starting on turn 1366. Dungeon overview: The Dungeons of Doom: levels 1 to 5 Level 1 a fountain a long staircase Level 2 a potion shop, a fountain stairs to The Gnomish Mines Level 3 an armor shop Level 4 a fountain Level 5 The Gnomish Mines: levels 3 to 5 Level 3 stairs to The Dungeons of Doom Level 4 Level 5 <- You were here many shops, a temple to Camaxtli, some fountains History has recorded: On T:1 you entered the Dungeons of Doom to retrieve the Amulet of Yendor! On T:105 you advanced to experience level 2. On T:250 you reached level 2 of The Dungeons of Doom. On T:584 you reached level 1 of The Gnomish Mines. On T:591 you advanced to experience level 3. On T:613 you reached level 2 of The Gnomish Mines. On T:701 you advanced to experience level 4. On T:931 you reached level 3 of The Dungeons of Doom. On T:1100 you reached level 4 of The Dungeons of Doom. On T:1126 you reached level 5 of The Dungeons of Doom. On T:1803 you advanced to experience level 5. On T:2322 you reached level 3 of The Gnomish Mines. On T:2867 you advanced to experience level 6. Score breakdown: Gold: 142 ( 7331 points) Experience: 6 levels (12456 points) Exploration: 5 levels ( 10.42%) ( 8751 points) Discoveries: 14 items ( 4.70%) ( 6502 points) Valuables value: (no points given unless you survive) Artifact value: 0 ( 0 points) Variety of kills: 28 monsters ( 7.35%) ( 8132 points) Turncount: 3759 turns ( -933 points) Survival: died (score multiplied by 80%) Total score: 33791 Latest messages: You hit the djinni. The djinni hits! The housecat misses the djinni. You miss the djinni. The djinni hits! The housecat bites the djinni. The djinni hits the housecat. You hit the djinni. The djinni hits! You are now wielding your pick-axe. You hit the djinni. The djinni hits! (2x) You start digging. You hit the rock with all your might. You stop digging. You hit the djinni! The djinni hits! You die... The sack is empty. Final status: Goodbye cannibale the Archeologist, killed by a djinni... You died in The Gnomish Mines on dungeon level 5 with 33791 points, and 142 pieces of gold, after 3759 moves. You were level 6 with a maximum of 44 hit points when you died.